 Dungeon Crawl Stone Soup version 0.32-a0-685-g93135e8 (webtiles) character file.

Game seed: 2159956813816863803

81 Dorkslayer the Trooper (level 4, -4/31 HPs)
             Began as an Octopode Fighter on Mar 10, 2024.
             Killed from afar by an orc wizard (11 damage)
             ... with a puff of flame
             ... on level 3 of the Dungeon on Mar 12, 2024.
             The game lasted 00:04:41 (1661 turns).

Dorkslayer the Trooper (Octopode Fighter)           Turns: 1661, Time: 00:04:41

Health: -4/31      AC:  1    Str: 17    XL:     4   Next: 42%
Magic:  4/4        EV: 13    Int: 10    God:
Gold:   149        SH:  4    Dex: 11    Spells: 3/3 levels left

rFire   . .          .
                       - Unarmed
rCold   . . .        a - +0 buckler
rNeg    . . .        (helmet restricted)
rPois   .            (no amulet)
rElec   .            (no ring)
rCorr   .            (no ring)
SInv    .            (no ring)
Will    .....        (no ring)
Stlth   +++          (no ring)
HPRegen 0.25/turn    (no ring)
MPRegen 0.09/turn    (no ring)
                     (no ring)

%: no passive effects
@: mighty
A: almost no armour, amphibious, 8 rings, camouflage 1, gelatinous body 1,
(nimble swimmer 1), tentacles
a: no special abilities


You were on level 3 of the Dungeon.
You visited 1 branch of the dungeon, and saw 3 of its levels.

You collected 205 gold pieces.
You spent 56 gold pieces at shops.

Inventory:

Missiles
 h - 7 boomerangs (quivered)
Armour
 a - a +0 buckler (worn)
Talismans
 k - a flux talisman
Scrolls
 d - a scroll of enchant weapon
 e - a scroll of teleportation
 f - a scroll of fear {unknown}
 j - 3 scrolls of revelation
 o - a scroll of blinking {unknown}
Potions
 b - a potion of might
 c - a potion of attraction
 g - 2 potions of brilliance
 i - a potion of mutation {unknown}
 l - a potion of lignification {unknown}
 m - a potion of berserk rage {unknown}
 n - a potion of curing {unknown}


   Skills:
 + Level 3.4 Fighting
 + Level 3.3 Dodging
 + Level 1.4 Stealth
 + Level 3.3 Shields
 * Level 3.2 Unarmed Combat
 * Level 0.3 Shapeshifting


You had 3 spell levels left.
You didn't know any spells.
Your spell library contained the following spells:

 Spells                   Type           Power      Damage    Failure   Level
 Fugue of the Fallen      Necr           0%         N/A       82%         3
 Ozocubu's Armour         Ice            0%         N/A       82%         3
 Manifold Assault         Tloc           0%         N/A       99%         4
 Vhi's Electric Charge    Tloc/Air       0%         N/A       99%         4
 Arcjolt                  Conj/Air       0%         1d10      100%        5
 Maxwell's Capacitive Co  Air            0%         ∞         100%        8


Dungeon Overview and Level Annotations

Branches:
Dungeon (3/15)

Altars:

Shops:
D:1 ?   D:2 *


Innate Abilities, Weirdness & Mutations

You cannot wear most types of armour.
You are amphibious.
You can wear up to eight rings at the same time.
Your skin changes colour to match your surroundings (Stealth+).
Your rubbery body absorbs attacks. (AC +1, EV +1)
((You are camouflaged when in or above water. (Stealth+)))
You have tentacles for arms and can constrict up to eight enemies at once.


Message History

The orc wizard completely misses you. The kobold hits you with a +0 dagger.
The kobold barely misses you. You block the kobold's attack.
The kobold attacks as it pursues you! The kobold barely misses you.
You closely miss the kobold. You grab the kobold. You squeeze the kobold.
You kill the kobold!
You barely miss the hobgoblin. Your grab misses the hobgoblin.
You squeeze the hobgoblin.
The hobgoblin is severely wounded.
The orc wizard casts a spell.
The orc wizard flickers and vanishes!
Deactivating autopickup; reactivate with Ctrl-A.
The hobgoblin completely misses you.
You tentacle-slap the hobgoblin. You grab the hobgoblin.
You squeeze the hobgoblin.
You kill the hobgoblin!
Something hits you.
You see here a +0 dagger.
You miss something. Something hits you.
A quokka comes into view.
You barely miss something.
Your tentacle-slap misses something.
Your squeeze misses something. Something hits you.
You tentacle-slap something but do no damage.
Your squeeze misses something. You block something's attack.
You barely miss something. Something completely misses you.
You miss something. Something hits you.
You miss something. Something hits you.
You tentacle-slap something but do no damage.
Your squeeze misses something.
You hear some strange, mumbled words.
A magic dart appears from out of thin air!
The magic dart hits you!
You tentacle-slap something. Your squeeze misses something. Something hits you.
You miss something. Something hits you.
* * * LOW HITPOINT WARNING * * *
You feel very mighty all of a sudden.
You hear some strange, mumbled words.
A puff of flame appears from out of thin air!
The puff of flame hits you!
You die...

############
#r..o.?.....
#{#)..(.....
#@##†(.....#
#.#.....#...
#.#...#.....
#.#..#....#.
####.##...#...#
#........#..#..
#.....#.#.#. .#
#..[..# #
###.###


You could see a quokka.

Vanquished Creatures
  2 adders (D:3)
  3 dart slugs
  An orc (D:3)
  3 ball pythons
  6 endoplasms
  3 giant cockroaches
  7 goblins
  4 hobgoblins
  2 jackals (D:1)
  9 kobolds
  4 bats
  3 frilled lizards
  2 rats
49 creatures vanquished.

Notes
Turn   | Place    | Note
-------+----------+-------------------------------------------
     0 | D:1      | Dorkslayer the Octopode Fighter began the quest for the
                  | Orb.
     0 | D:1      | Reached XP level 1. HP: 16/16 MP: 1/1
    57 | D:1      | Reached XP level 2. HP: 21/21 MP: 2/2
   418 | D:1      | Reached XP level 3. HP: 26/26 MP: 3/3
   484 | D:1      | Found Uxemn's Magic Scroll Shoppe.
   505 | D:1      | Bought a scroll of identify for 28 gold pieces
   507 | D:1      | Upgraded the game from 0.32-a0-673-g3729bd5 to
                  | 0.32-a0-685-g93135e8
   507 | D:1      | Bought a scroll of identify for 28 gold pieces
   622 | D:2      | Found a faded altar of an unknown god.
   667 | D:2      | Found Marak's Assorted Antiques.
  1423 | D:3      | Reached skill level 1 in Stealth
  1427 | D:3      | Reached XP level 4. HP: 25/31 MP: 4/4
  1661 | D:3      | Killed from afar by an orc wizard

Illustrated notes

Levels and vault maps discovered:
D:1:      lemuel_arrival_hallway, layout_basic, serial_shops,
          nicolae_shop_waterfront, chequers_decorated_corner,
          minmay_tromino_v4_b
D:2:      layout_loops_ring, serial_shops, shop, nicolae_ecumenical_oubliette
D:3:      layout_rooms, minmay_increasing_density

Skill      XL: |  1  2  3  4 |
---------------+-------------+-----
Stealth        | 1 |  1.4
Unarmed Combat | 3 |  3.2
Fighting       | |  3.4
Dodging        | |  3.3
Shields        | |  3.3
Shapeshifting  | |  0.3

Action                     |  1- 3 |  4- 6 || total
---------------------------+-------+-------++-------
  Melee: Unarmed           |    75 |    34 ||   109
         Tentacles         |    17 |     4 ||    21
         Constrict         |    19 |     9 ||    28
    Use: Scroll            |     5 |       ||     5
         Potion            |       |     1 ||     1
   Stab: Sleeping          |     6 |     1 ||     7
 Armour: Skin              |    30 |    20 ||    50
  Dodge: Dodged            |    49 |    18 ||    67
  Block: Buckler           |    10 |     6 ||    16

Table legend: (Time is in decaauts)
 A = Elapsed time spent in this place.
 B = Non-inter-level travel time spent in this place.
 C = Inter-level travel time spent in this place.
 D = Time resting spent in this place.
 E = Time spent auto-exploring this place.
 F = Levels seen in this place.
 G = Mean time per level.
                   A        B        C        D        E       F      G
               +--------+--------+--------+--------+--------+-----+--------+
         Total |   1658 |   1658 |      0 |      0 |    847 |   3 |  552.7 |
       Dungeon |   1658 |   1658 |      0 |      0 |    847 |   3 |  552.7 |
               +--------+--------+--------+--------+--------+-----+--------+

Top non-repeatable levels by time:
     D:2: 704 daAuts
     D:1: 651 daAuts
     D:3: 303 daAuts
